 Dungeon Crawl Stone Soup version 0.17-a0-1949-g1acca9a (webtiles) character file.

186 Ordine the Twirler (level 5, -2/42 HPs)
             Began as a Minotaur Gladiator on Oct 2, 2015.
             Slain by an ogre
             ... wielding a +0 giant club
              (12 damage)
             ... on level 4 of the Dungeon.
             The game lasted 00:08:39 (2365 turns).

Ordine the Twirler (Minotaur Gladiator)             Turns: 2365, Time: 00:08:40

Health: -2/42      AC: 12    Str: 20    XL:     5   Next: 38%
Magic:  4/4        EV:  6    Int:  5    God:
Gold:   126        SH:  0    Dex: 11    Spells: 0 memorised, 4 levels left

rFire  . . .     SeeInvis +     a - +0 quarterstaff
rCold  . . .     Clarity  .     k - +0 plate armour
rNeg   . . .     SustAt   .     (no shield)
rPois  .         Gourm    .     f - +1 hat {SInv}
rElec  .         Spirit   .     (no cloak)
rCorr  .         Warding  .     m - +0 pair of gloves
rMut   .         Stasis   .     (no boots)
MR     .....                    (no amulet)
Stlth  ..........               (no ring)
                                h - ring of stealth

@: very slightly contaminated, invisible, not resistant to hostile enchantments,
extremely unstealthy
A: retaliatory headbutt, horns 2
a: no special abilities


You were on level 4 of the Dungeon.
You were not hungry.

You visited 1 branch of the dungeon, and saw 4 of its levels.

You collected 126 gold pieces.

Inventory:

Hand weapons
 a - a +0 quarterstaff (weapon)
Missiles
 d - 4 throwing nets (quivered)
Armour
 f - a +1 hat of see invisible (worn)
 k - a +0 plate armour (worn)
 m - a +0 pair of gloves (worn)
Jewellery
 h - a ring of stealth (left hand)
Scrolls
 b - 2 scrolls of remove curse
Potions
 c - 2 potions of might {unknown}
 i - 2 potions of lignification
 j - a potion of magic
 l - a potion of flight
 n - a potion of heal wounds
Comestibles
 e - 4 bread rations


   Skills:
 - Level 2.4 Fighting
 + Level 7.4 Staves
 - Level 2.0 Throwing
 - Level 3.2 Dodging


You had 4 spell levels left.
You didn't know any spells.

Dungeon Overview and Level Annotations

Branches:
Dungeon (4/15)
 Temple: D:4-7

Altars:
Dithmenos
Gozag
Makhleb


Innate Abilities, Weirdness & Mutations

You reflexively headbutt those who attack you in melee.
You have a pair of horns on your head.


Message History

The hound bites you but does no damage.
You sock the hound!
The hound is almost dead.
The hound bites you but does no damage.
The orc wizard gestures at you while chanting.
The puff of frost hits the hound.
The hound dies!
Your Staves skill increases to level 7!
You have reached level 5!
You sock the worker ant! Your headbutt misses the worker ant.
The worker ant is heavily wounded.
The worker ant barely misses you. You furiously retaliate!
You headbutt the worker ant!
You kill the worker ant!
You hit the ogre.
The ogre is almost dead.
You hit the ogre but do no damage.
The ogre is almost dead.
The ogre hits you with a giant club!
You die...

### ###. ##.##....
##. #.......
.....####.o.#
#......@Oo..#
#...#.###o..####.#
. # #........#
##<##.....# ###
..... ..). ... ..
.


You could see an ogre, an orc wizard and 2 orcs.

Vanquished Creatures
  2 worker ants
  3 adders (D:2)
  An ooze (D:1)
  3 worms (D:2)
  A giant gecko (D:1)
  6 giant cockroaches
  11 goblins
  7 hobgoblins (D:1)
  7 jackals
  3 bats
  3 giant newts
  6 kobolds
  9 rats
62 creatures vanquished.

Vanquished Creatures (others)
  A hound (D:4)
1 creature vanquished.

Grand Total: 63 creatures vanquished

Notes
Turn   | Place    | Note
--------------------------------------------------------------
     0 | D:1      | Ordine the Minotaur Gladiator began the quest for the Orb.
     0 | D:1      | Reached XP level 1. HP: 18/18 MP: 0/0
   138 | D:1      | Reached skill level 4 in Staves
   164 | D:1      | Reached XP level 2. HP: 23/25 MP: 1/1
   600 | D:1      | Reached skill level 5 in Staves
   615 | D:1      | Reached XP level 3. HP: 25/30 MP: 2/2
   745 | D:2      | Found a shadowy altar of Dithmenos.
  1023 | D:2      | Reached XP level 4. HP: 27/37 MP: 3/3
  1091 | D:2      | Found a burning altar of Makhleb.
  1096 | D:2      | Reached skill level 6 in Staves
  1952 | D:2      | Found an opulent altar of Gozag.
  2347 | D:4      | Noticed an ogre
  2362 | D:4      | Reached skill level 7 in Staves
  2362 | D:4      | Reached XP level 5. HP: 9/42 MP: 4/4
  2365 | D:4      | Slain by an ogre

Vault maps used:
D:1:      dpeg_arrival_morbid_curiosity
D:2:      lemuel_upstairs_altar, lemuel_round_altar, bloody_makhleb
D:3:      first_bread
D:4:      temple_pool_b, uniq_menkaure

Action                   |  1- 3 |  4- 6 || total
-------------------------+-------+-------++-------
Melee: Quarterstaff      |    76 |    80 ||   156
Throw: Throwing net      |       |     1 ||     1
  Use: Scroll            |     6 |     4 ||    10
       Potion            |       |     1 ||     1
 Stab: Sleeping          |     1 |       ||     1
  Eat: Chunk             |       |     5 ||     5
